Map: Bel'Shir Vestige LE (Void)

Players

Aaytowi - Winner!

  • Race: Protoss Protoss
  • League: Diamond
  • Spawn Location: 5:00

Musumeci

  • Race: Zerg Zerg
  • League: Diamond
  • Spawn Location: 11:00

VOD

Have the link to the VOD?

Description

Time

  • Played on: March 8, 2017, 8:37 a.m.
  • Length: 7:42
Show
View Real Time Build Order
Export as new Build Order

Aaytowi Protoss - Winner!

Build Orders:  

Get SALT Encoding   

  12  0:01  Probe (Chrono Boost)  
  13  0:12  Probe (Chrono Boost)  
  14  0:18  Pylon  
  14  0:22  Probe (Chrono Boost)  
  15  0:36  Probe (Chrono Boost)  
  15  0:37  Gateway  
  16  0:45  Assimilator  
  16  0:46  Probe (Chrono Boost)  
  18  0:57  Probe (Chrono Boost)  
  18  1:27  Probe (Chrono Boost)  
  18  1:28  Gateway  
  18  1:30  Cybernetics Core  
  19  1:38  Pylon, Probe (Chrono Boost)  
  20  1:45  Assimilator  
  20  1:48  Probe (Chrono Boost)  
  21  2:03  Adept, Pylon  
  22  2:20  Mothership Core (Chrono Boost)  
  24  2:36  Adept x2  
  28  2:41  Warp Gate  
  28  2:45  Probe (Chrono Boost)  
  29  3:11  Adept x2  
  33  3:26  Probe (Chrono Boost)  
  33  3:29  Pylon  
  33  3:38  Probe (Chrono Boost)  
  30  4:01  Pylon  
  30  4:03  Pylon  
  30  4:07  Adept  
  30  4:13  Nexus  
  30  4:14  Twilight Council  
  30  4:15  Stalker  
  32  4:25  Pylon  
  32  4:33  Pylon  
  33  4:39  Probe (Chrono Boost)  
  33  4:40  Blink  
  33  4:55  Stalker, Probe (Chrono Boost)  
  33  4:56  Stalker  
  38  5:17  Robotics Facility, Probe (Chrono Boost)  
  37  5:34  Stalker x2  
  39  5:54  Gateway  
  39  6:04  Observer  
  39  6:05  Stalker x2  
  44  6:19  Probe (Chrono Boost)  
  44  6:20  Immortal  
  44  6:21  Pylon, Probe (Chrono Boost)  
  51  6:33  Probe (Chrono Boost)  
  51  6:34  Stalker x2  
  51  6:36  Probe (Chrono Boost)  
  56  6:45  Probe (Chrono Boost)  
  57  6:55  Stalker  
  57  6:59  Warp Prism  
  61  7:05  Stalker x2  
  63  7:23  Stalker  
  63  7:27  Probe (Chrono Boost)  
  63  7:29  Probe (Chrono Boost)  
  65  7:41  Stalker  
  65  7:42  Stalker  
Show
View Real Time Build Order
Export as new Build Order

Musumeci Zerg 

Build Orders: Pool First, Ravager All-In 

Get SALT Encoding   

  12  0:18  Spawning Pool  
  11  0:23  Drone  
  11  0:26  Drone  
  13  0:29  Extractor  
  12  0:39  Drone x2  
  14  0:52  Overlord  
  14  1:02  Extractor  
  14  1:04  Drone  
  14  1:09  Roach Warren  
  14  1:13  Extractor  
  13  1:21  Zergling x2  
  14  1:41  Overlord  
  14  1:50  Roach x2  
  18  1:58  Roach  
  20  2:04  Drone  
  21  2:16  Ravager x2  
  21  2:21  Roach  
  25  2:29  Ravager  
  26  2:36  Roach  
  26  3:12  Ravager x2  
  19  4:02  Roach  
  19  4:03  Roach x2  
  19  4:05  Burrow  
  23  4:24  Ravager x3  
  26  4:32  Hatchery  
  26  4:36  Roach x2  
  29  5:03  Drone  
  27  5:16  Roach x2  
  24  5:35  Ravager  
  24  5:36  Ravager  
  24  5:39  Drone  
  24  5:40  Drone x2  
  29  6:18  Drone x6  
  35  6:29  Overlord  
  35  6:30  Overlord  
  35  6:40  Queen, Evolution Chamber  
  36  6:48  Roach x2  
  40  7:00  Spore Crawler  
  40  7:09  Roach x4  
Tags
 
Add a new tag
Caveats
  • Supply blocks, unpowered buildings, or Contaminate may cause inaccurate times.
  • Supply counts are checked every 10 seconds.